AoeStats
← maximummax2312

Arena

510294032Analyzed
2v2 RM · 2d ago on Sep 30, 2026· 46m 15s· 4 players
Game mode
Random Map
Map size
Medium (4 player)
Population
200
Speed
Normal
Resources
Standard
Victory
Conquest
Starting age
Dark Age
Ending age
Imperial Age
RankedLock teamsTeams togetherTeam positionsShared explorationLock speedFull tech treeHidden civsTurbo modeCheats
Victory
Defeat
🇬🇷 Britons · Greece
1008
+35
🇬🇷 Saxons · Greece
924
+18
🇩🇪 Malay · Germany
1000
-51
🇪🇸 Maya · Spain
963
-16
johnhar33
5:28 Loom
10:27 Feudal Age
14:03 Double-Bit Axe
14:19 Horse Collar
17:36 Castle Age
16:05 Gold Mining
16:06 Stone Mining
16:57 Scale Mail Armor
17:07 Forging
19:16 Bow Saw
22:45 Heavy Plow
25:55 Chain Mail Armor
26:27 Wheelbarrow
26:49 Town Watch
27:49 Iron Casting
27:32 Fletching
31:40 Imperial Age
30:03 Bodkin Arrow
30:14 Squires
30:14 Gambesons
34:09 Conscription
34:26 Elite Hearth Troop
34:56 Arson
35:48 Plate Mail Armor
35:52 Shield Wall
36:51 Town Patrol
37:06 Hand Cart
38:40 Gold Shaft Mining
39:50 Bracer
PhantomGR
10:21 Feudal Age
16:54 Castle Age
15:57 Horse Collar
16:06 Double-Bit Axe
16:12 Gold Mining
17:41 Padded Archer Armor
19:57 Bow Saw
22:23 Fervor
25:05 Wheelbarrow
24:56 Town Watch
27:56 Crossbowman
28:37 Fletching
30:46 Bodkin Arrow
32:20 Hand Cart
32:44 Leather Archer Armor
34:11 Gold Shaft Mining
37:22 Elite Skirmisher
38:58 Heavy Plow
45:19 Imperial Age
43:16 Stone Mining
43:28 Loom
45:25 Arbalester
maximummax2312
0:39 Loom
14:45 Feudal Age
15:59 Wheelbarrow
15:22 Double-Bit Axe
23:31 Castle Age
21:26 Horse Collar
21:15 Man-at-Arms
25:23 Fletching
25:33 Padded Archer Armor
28:27 Hand Cart
28:27 Bow Saw
28:21 Heavy Plow
29:40 Light Cavalry
30:21 Husbandry
30:36 Forging
30:32 Scale Barding Armor
31:38 Squires
31:23 Arson
33:58 Husbandry
34:05 Pikeman
34:08 Long Swordsman
37:26 Iron Casting
37:07 Leather Archer Armor
calibanlegend
9:58 Feudal Age
10:40 Double-Bit Axe
16:22 Castle Age
15:28 Horse Collar
15:51 Stone Mining
16:45 Loom
17:36 Wheelbarrow
16:49 Town Watch
18:58 Gold Mining
21:19 Fletching
23:10 Bodkin Arrow
28:19 Bow Saw
30:43 Heavy Plow
35:40 Imperial Age
34:08 Stone Shaft Mining
34:52 Forging
34:42 Scale Mail Armor
35:13 Hand Cart
35:00 Town Patrol
36:04 Squires
35:27 Eagle Warrior
37:44 Conscription
38:14 Iron Casting
37:54 Chain Mail Armor
42:07 Blast Furnace
44:25 Holcans
44:45 Plate Mail Armor
44:27 Sappers
45:35 Hoardings
45:13 Elite Eagle Warrior
Connection lost

Rejoining the realm…

Still unreachable

The connection could not be restored.

Session expired

The server has moved on; the page needs a fresh start.